 Dungeon Crawl Stone Soup version 0.26-a0-852-g6321bf7485 (webtiles) character file.

Game seed: 8002763370240221370

3702 jestyr24 the Destroyer (level 9, -15/74 HPs)
             Began as a Red Draconian Conjurer on Nov 21, 2020.
             Was a Follower of Vehumet.
             Demolished by a white ugly thing (18 damage)
             ... on level 8 of the Dungeon on Nov 22, 2020.
             The game lasted 01:19:03 (9401 turns).

jestyr24 the Destroyer (Red Draconian Conjurer)     Turns: 9401, Time: 01:19:04

Health: -15/74     AC:  8    Str:  9    XL:     9   Next: 91%
Magic:  0/30       EV: 13    Int: 21    God:    Vehumet [*.....]
Gold:   166        SH:  0    Dex: 11    Spells: 9/24 levels left

rFire    + . .     SeeInvis .   c - +5 short sword
rCold    . . .     Faith    .   (no shield)
rNeg     . . .     Spirit   +   (armour unavailable)
rPois    .         Reflect  .   (helmet restricted)
rElec    .         Harm     .   y - +0 cloak
rCorr    .         Rampage  .   (no gloves)
MR       .....                  (no boots)
Stlth    ++........             t - amulet of guardian spirit
HPRegen  0.22/turn              u - ring of magical power
MPRegen  0.22/turn              (no ring)

@: about to teleport, slowed, very slow
A: breathe fire, unfitting armour, fire resistance 1, cold-blooded, AC +7
a: Breathe Fire, Renounce Religion


You were on level 8 of the Dungeon.
You worshipped Vehumet.
Vehumet was aware of your devotion.
You visited 2 branches of the dungeon, and saw 9 of its levels.

You collected 490 gold pieces.
You spent 324 gold pieces at shops.

Inventory:

Hand Weapons
 c - a +5 short sword (weapon)
 x - a +2 quarterstaff of chaos
 z - a +4 dagger of draining
 B - a +0 long sword of holy wrath
 F - a +2 dagger of speed
 H - a cursed -3 dagger
 N - a +0 scimitar of flaming
Missiles
 d - 4 atropa-tipped darts
 h - 33 poisoned darts (quivered)
 C - 4 javelins
 E - 14 boomerangs
Armour
 y - a +0 cloak (worn)
 K - the +1 buckler of Gravity {Harm Dex+5}
   (You bought it in a shop on level 6 of the Dungeon)

   It affects your dexterity (+5).
   It increases damage dealt and taken.
 M - a +0 pair of gloves
Jewellery
 t - an amulet of guardian spirit (around neck)
 u - a ring of magical power (left hand)
Wands
 b - a wand of paralysis (13)
 q - a wand of random effects (29)
 I - a wand of flame (42)
Scrolls
 a - a scroll of fear {unknown}
 i - 5 scrolls of amnesia {unknown}
 m - 5 scrolls of teleportation
 o - 2 scrolls of blinking {unknown}
 p - 2 scrolls of fog {unknown}
 r - 5 scrolls of remove curse {unknown}
 s - 3 scrolls of identify {unknown}
 v - 2 scrolls of enchant weapon {unknown}
 A - 2 scrolls of enchant armour {unknown}
 D - a scroll of vulnerability {unknown}
 G - a scroll of magic mapping {unknown}
 L - a scroll of noise {unknown}
Potions
 e - 3 potions of cancellation {unknown}
 f - a potion of flight {unknown}
 g - 3 potions of resistance {unknown}
 j - 2 potions of degeneration {unknown}
 k - a potion of attraction {unknown}
 l - 2 potions of haste {unknown}
 n - 4 potions of curing {unknown}
 w - 2 potions of heal wounds
 J - 2 potions of brilliance
Miscellaneous
 O - a lightning rod (4/4)
 P - a lightning rod (4/4)


   Skills:
 - Level 5.5 Fighting
 - Level 2.0 Long Blades
 - Level 0.3 Staves
 - Level 3.0 Dodging
 - Level 3.1 Stealth
 * Level 8.1 Spellcasting
 * Level 9.3 Conjurations
 - Level 2.8 Hexes


You had 9 spell levels left.
You knew the following spells:

 Your Spells              Type           Power        Failure   Level
a - Magic Dart            Conj           ####         1%          1
b - Searing Ray           Conj           #####.       1%          2
c - Corona                Hex            ###....      2%          1
d - Fulminant Prism       Conj/Hex       ####......   6%          4
e - Spellforged Servitor  Conj/Summ      ####......   100%        7

Your spell library contained the following spells:

 Spells                   Type           Power        Failure   Level
 Sandblast                Erth           #.....       8%          1
 Shock                    Conj/Air       ####         1%          1
 Dazzling Flash           Conj/Hex       ####..       1%          3
 Static Discharge         Conj/Air       ####....     3%          3
 Stone Arrow              Conj/Erth      ####..       3%          3
 Animate Skeleton         Necr           #.....       8%          1
 Apportation              Tloc           #.....       8%          1
 Summon Small Mammal      Summ           #...         8%          1
 Corpse Rot               Necr/Air       N/A          12%         2
 Sublimation of Blood     Necr           #.........   12%         2
 Swiftness                Air            #.......     12%         2
 Iskenderun's Mystic Bla  Conj/Tloc      ####....     12%         4
 Lightning Bolt           Conj/Air       ####......   32%         5
 Airstrike                Air            #.........   61%         4
 Dispel Undead            Necr           #.......     61%         4
 Summon Mana Viper        Hex/Summ       ##......     77%         5
 Agony                    Necr           #.......     91%         5
 Excruciating Wounds      Necr           #.........   91%         5
 Summon Demon             Summ           #.........   91%         5
 Summon Forest            Summ/Tloc      #.........   91%         5
 Shadow Creatures         Summ           N/A          100%        6
 Summon Hydra             Summ           #.........   100%        7
 Tornado                  Air            #.........   100%        9


Dungeon Overview and Level Annotations

Branches:
Dungeon (8/15)             Temple (1/1) D:7
   Lair: D:8-11

Altars:
Ashenzari
Cheibriados
Dithmenos
Elyvilon
Fedhas
Gozag
Hepliaklqana
Makhleb
Nemelex Xobeh
Okawaru
Ru
Sif Muna
Uskayaw
Vehumet
Xom
Yredelemnul
Zin
The Shining One

Shops:
D:6 [*?(

Annotations:
D:6 3 runed translucent doors, stormannnn's ghost, novice MiFi


Innate Abilities, Weirdness & Mutations

You can breathe blasts of fire.
Your fiery red scales are hard. (AC +7)
You cannot fit into any form of body armour.
Your flesh is heat resistant. (rF+)
You are cold-blooded and may be slowed by cold attacks.


Message History

Casting: Searing Ray (safe; 1% risk of failure)
Confirm with . or Enter, or press ? or * to list all spells.
Aiming: Searing Ray (safe; 1% risk of failure)
Press: ? - help, Shift-Dir - straight line, f/p - white ugly thing
Aim: a white ugly thing (moderately wounded)
The searing ray hits the white ugly thing!
The white ugly thing is heavily wounded. (Press . to maintain the ray.)
The wyvern bites you. The white ugly thing bites you.
The white ugly thing freezes you!!
You feel as though you will be slow longer.
* * * LOW HITPOINT WARNING * * *
The wyvern bites you but does no damage.
As you read the scroll of teleportation, it crumbles to dust.
You feel strangely unstable. The wyvern bites you.
* * * LOW HITPOINT WARNING * * *
The white ugly thing bites you.
* * * LOW HITPOINT WARNING * * *
The white ugly thing freezes you!!
You die...

.##.#.#.......#
#..#.##.# #.#..
##..#.##.....##.#..#.
#.###.#.#
#'####.##...##.####'#
#..##.#.# ..
##.#####.# #....
##..#.#.# . ..
##.....###..#
##...#.### . #..
###'####... ##..#....
##.u#.....#..# ##
#..#....
...#.#.#.#..###...##
#.......
.'.#$..'.u@l......
+.......
#.#.#.#.#.###......
#.......
#..#.....#..# .....
#....... #..
###'####... ....
#.....## ..
#.......##..# ..#
......#
#..#####..##...
##..#....# #..
..###'# ..##....# ...
... .. ## ##


You could see a white ugly thing and a wyvern.

Vanquished Creatures
  Erica (D:8)
  Sigmund (D:3)
  A yak (D:8)
  An ice beast (D:4)
  3 phantoms
  A sky beast (D:5)
  4 ogres
  A centaur (D:5)
  4 bullfrogs
  2 scorpions
  3 wights (D:7)
  2 jellies
  8 howler monkeys
  A centaur zombie (D:5)
  A quasit (D:5)
  5 hounds
  An orc priest (D:3)
  7 orc wizards
  A centaur skeleton (D:5)
  Crazy Yiuf (D:4)
  4 iguanas
  4 worker ants
  A hound zombie (D:7)
  A hound skeleton (D:8)
  A worker ant zombie (D:5)
  Robin (D:4)
  8 gnolls
  6 adders
  A shadow imp (D:8)
  An ufetubus (D:5)
  An ooze (D:1)
  5 worms
  A dart slug (D:3)
  6 leopard geckos
  29 orcs
  8 bats
  3 giant cockroaches
  19 goblins
  12 hobgoblins
  13 jackals
  9 kobolds
  5 quokkas
  7 frilled lizards
  A quokka zombie (D:8)
  7 rats
203 creatures vanquished.

Vanquished Creatures (others)
  A quokka (D:7)
  13 fulminant prisms
14 creatures vanquished.

Grand Total: 217 creatures vanquished

Notes
Turn   | Place    | Note
-------+----------+-------------------------------------------
     0 | D:1      | jestyr24 the Draconian Conjurer began the quest for the
                  | Orb.
     0 | D:1      | Reached XP level 1. HP: 14/14 MP: 3/3
   531 | D:1      | Reached XP level 2. HP: 17/20 MP: 1/5
  1074 | D:1      | Learned a level 2 spell: Searing Ray
  1283 | D:1      | Reached XP level 3. HP: 27/27 MP: 6/6
  1662 | D:2      | Reached skill level 1 in Fighting
  1854 | D:2      | Reached XP level 4. HP: 35/35 MP: 0/7
  2017 | D:2      | Learned a level 1 spell: Corona
  2473 | D:3      | Reached skill level 5 in Conjurations
  2664 | D:3      | Found a hide-covered altar of Uskayaw.
  2728 | D:3      | Noticed Sigmund
  2749 | D:3      | Killed Sigmund
  2750 | D:3      | Reached skill level 1 in Hexes
  2750 | D:3      | Reached XP level 5. HP: 18/41 MP: 0/9
  3068 | D:3      | Found a broken altar of Ashenzari.
  3076 | D:3      | Reached XP level 6. HP: 48/48 MP: 2/10
  3527 | D:3      | Found a blossoming altar of Fedhas.
  3900 | D:4      | Noticed Robin
  3916 | D:4      | Killed Robin
  4048 | D:4      | Noticed an ice beast
  4055 | D:4      | Killed an ice beast
  4056 | D:4      | Your scales start taking on a fiery red colour.
  4056 | D:4      | Reached XP level 7. HP: 57/57 MP: 4/12
  4056 | D:4      | Gained mutation: Your flesh is heat resistant. (rF+) [Red
                  | Draconian growth]
  4058 | D:4      | Reached skill level 1 in Long Blades
  4435 | D:4      | Found a runed translucent door.
  4436 | D:4      | Noticed Crazy Yiuf
  4444 | D:4      | Killed Crazy Yiuf
  4518 | D:4      | Found a glowing golden altar of the Shining One.
  4887 | D:5      | Entered Level 5 of the Dungeon
  5191 | D:5      | Reached skill level 6 in Conjurations
  5196 | D:5      | Reached XP level 8. HP: 66/66 MP: 2/14
  5927 | D:6      | Found an iron altar of Okawaru.
  6066 | D:6      | Found a shimmering altar of Xom.
  6077 | D:6      | Reached skill level 5 in Fighting
  6166 | D:6      | Found Byl Boecw's Magic Scroll Boutique.
  6187 | D:6      | Found a burning altar of Makhleb.
  6189 | D:6      | Found a glowing silver altar of Zin.
  6189 | D:6      | Noticed a blizzard demon
  6189 | D:6      | Noticed an angel
  6270 | D:6      | Found a runed translucent gate.
  6271 | D:6      | Found a runed translucent gate.
  6272 | D:6      | Found a runed translucent gate.
  6272 | D:6      | Noticed stormannnn's ghost (novice MiFi)
  6274 | D:6      | Noticed a brown ugly thing
  6390 | D:6      | Found Xusophit's Assorted Antiques.
  6411 | D:6      | Reached skill level 5 in Spellcasting
  6435 | D:6      | Found Atzor's Armour Shop.
  6440 | D:6      | Bought the +1 buckler of Gravity {Harm Dex+5} for 324 gold
                  | pieces
  6552 | D:6      | Found Qamimu's Antique Weapon Emporium.
  6779 | D:7      | Reached skill level 7 in Conjurations
  6905 | D:7      | Found a sacrificial altar of Ru.
  7009 | D:7      | Found a staircase to the Ecumenical Temple.
  7015 | Temple   | Entered the Ecumenical Temple
  7050 | Temple   | Became a worshipper of Vehumet
  7296 | D:7      | Found a white marble altar of Elyvilon.
  7719 | D:7      | Learned a level 4 spell: Fulminant Prism
  7722 | D:7      | Reached XP level 9. HP: 70/74 MP: 10/17
  7876 | D:7      | Found a broken altar of Ashenzari.
  7876 | D:7      | Found a shadowy altar of Dithmenos.
  8370 | D:8      | Reached * piety under Vehumet
  8370 | D:8      | Offered knowledge of Sandblast by Vehumet.
  8514 | D:8      | Noticed Erica
  8791 | D:8      | Reached skill level 8 in Conjurations
  8909 | D:8      | Killed Erica
  9025 | D:8      | Reached skill level 9 in Conjurations
  9347 | D:8      | Identified Nuaxad's Volume of Aerial Confrontation
  9357 | D:8      | Learned a level 7 spell: Spellforged Servitor
  9382 | D:8      | Noticed a white ugly thing
  9401 | D:8      | HP: 3/74 [white ugly thing (3)]
  9401 | D:8      | Demolished by a white ugly thing

Illustrated notes

Levels and vault maps discovered:
D:1:      lightli_molten_gateway, layout_basic
D:2:      layout_rooms
D:3:      layout_loops_ring, general_overflow_altar, lemuel_round_altar,
          cheibrodos_ashenzari_chains, uniq_sigmund
D:4:      layout_rooms, kennysheep_mini_moat, uniq_robin,
          uniq_crazy_yiuf_cottage
D:5:      layout_cave_pools, minmay_hedge_maze
D:6:      layout_basic, grunt_temple_overflow_order_and_chaos_2,
          okawaru_trees_2, xom_teletrap_fun, serial_shops,
          nicolae_shop_behind_doors, nicolae_shop_behind_doors,
          nicolae_shop_behind_doors, kennysheep_little_box,
          gammafunk_ghost_split
D:7:      layout_gridville, nicolae_overflow_crystal_walls,
          amethyst_overflow_temple_binary, elyvilon_altar_4,
          minmay_temple_entry_fiery
D:8:      minmay_the_grid_octo_tiled_octocenter [minmay_the_grid_octo_teeth,
          minmay_the_grid_octo_toaster, minmay_the_grid_octo_tetromino_candy,
          minmay_the_grid_octo_pinwheel, minmay_the_grid_octo_prize_big_c,
          minmay_the_grid_square_5x5_spiral,
          minmay_the_grid_square_5x5_doubleslash,
          minmay_the_grid_square_5x5_meh, minmay_the_grid_square_5x5_z],
          layout_basic, lemuel_crystal_altar, chequers_serial_rivers_small_3,
          uniq_erica
Temple:   dpeg_three_leaves_temple

Skill      XL: |  1  2  3  4  5  6  7  8  9 |
---------------+----------------------------+-----
Stealth        | 2 3 |  3.1
Fighting       | 1 2 3 4 5 |  5.5
Dodging        | 2 3 |  3.0
Conjurations   | 5 6 7 9 |  9.3
Spellcasting   | 3 4 5 8 |  8.1
Hexes          | 1 2 |  2.8
Long Blades    | 2 |  2.0
Staves         | |  0.3

Action                   |  1- 3 |  4- 6 |  7- 9 || total
-------------------------+-------+-------+-------++-------
Melee: Unarmed           |    11 |       |       ||    11
       Short sword       |    51 |    28 |    51 ||   130
       Tailslap          |     5 |     8 |    10 ||    23
       Falchion          |       |    45 |     8 ||    53
       Quarterstaff      |       |       |    35 ||    35
       Dagger            |       |       |     9 ||     9
 Cast: Magic Dart        |    57 |    54 |    32 ||   143
       Searing Ray       |     4 |    18 |    80 ||   102
       Corona            |       |     1 |     1 ||     2
       Fulminant Prism   |       |       |    13 ||    13
 Abil: Breathe Fire      |       |       |     3 ||     3
  Use: Potion            |       |     4 |       ||     4
       Scroll            |       |       |     2 ||     2
 Stab: Sleeping          |     2 |       |     1 ||     3
       Distracted        |       |       |     1 ||     1
Armor: Skin              |    23 |    24 |    52 ||    99
Dodge: Dodged            |    55 |    64 |   127 ||   246
       Rpst.: Falchion   |       |    16 |     4 ||    20

Table legend: (Time is in decaauts)
 A = Elapsed time spent in this place.
 B = Non-inter-level travel time spent in this place.
 C = Inter-level travel time spent in this place.
 D = Time resting spent in this place.
 E = Time spent auto-exploring this place.
 F = Levels seen in this place.
 G = Mean time per level.
                   A        B        C        D        E       F      G
               +--------+--------+--------+--------+--------+-----+--------+
         Total |   9455 |   9155 |    300 |   2978 |   3909 |   9 | 1050.6 |
       Dungeon |   9399 |   9099 |    300 |   2978 |   3876 |   8 | 1174.9 |
        Temple |     55 |     55 |      0 |      0 |     33 |   1 |   55.0 |
               +--------+--------+--------+--------+--------+-----+--------+

Top non-repeatable levels by time:
     D:1: 1562 daAuts
     D:8: 1409 daAuts
     D:3: 1372 daAuts
     D:7: 1303 daAuts
     D:4: 1238 daAuts
     D:5: 966 daAuts
     D:2: 815 daAuts
     D:6: 731 daAuts
  Temple: 55 daAuts
